 Dungeon Crawl Stone Soup version 0.17.1-1-g73c8601 (webtiles) character file.

2758 Implojin the Martial Artist (level 9, -5/48 HPs)
             Began as a Vine Stalker Monk on Apr 5, 2016.
             Was an Elder of Okawaru.
             Slain by an ice beast (11 damage)
             ... summoned by Fannar
             ... on level 10 of the Dungeon.
             The game lasted 00:07:37 (1261 turns).

Implojin the Martial Artist (Vine Stalker Monk)     Turns: 1261, Time: 00:07:37

Health: -5/48      AC:  2    Str: 14    XL:     9   Next: 69%
Magic:  0/10       EV: 18    Int: 10    God:    Okawaru [****..]
Gold:   86         SH:  0    Dex: 20    Spells: 0 memorised, 8 levels left

rFire  . . .     SeeInvis .       - Unarmed
rCold  . . .     Clarity  .     a - +0 robe
rNeg   . . .     SustAt   .     (no shield)
rPois  .         Gourm    .     (no helmet)
rElec  .         Spirit   +     (no cloak)
rCorr  .         Warding  .     (no gloves)
rMut   .         Stasis   .     (no boots)
MR     +....                    (no amulet)
Stlth  ++++......               (no ring)
                                (no ring)

@: heroism, somewhat resistant to hostile enchantments, stealthy
A: fangs 3, regeneration 2, magic shield, antimagic bite, no device heal 3, rot
immunity
a: Heroism, Renounce Religion


You were on level 10 of the Dungeon.
You worshipped Okawaru.
Okawaru was greatly pleased with you.
You were near starving.

You visited 1 branch of the dungeon, and saw 11 of its levels.
You also visited: Sewer.

You collected 86 gold pieces.

Inventory:

Armour
 a - a +0 robe (worn)
 o - a +1 robe of resistance
Jewellery
 r - an uncursed amulet of stasis {unknown}
Wands
 l - a wand of hasting (4)
 s - a wand of polymorph (20)
Scrolls
 c - 2 scrolls of identify {unknown}
 e - a scroll of teleportation {unknown}
 g - a scroll of enchant weapon {unknown}
 i - a scroll of fog
 m - a scroll of amnesia {unknown}
 n - a scroll of enchant armour {unknown}
 q - a scroll of blinking {unknown}
 t - a scroll of immolation {unknown}
Potions
 h - 2 potions of curing
 k - a potion of lignification
 p - a potion of might
Comestibles
 b - 3 bread rations
 d - a royal jelly
 f - 2 beef jerkies


   Skills:
 * Level 6.0(11.0) Fighting
 - Level 2.4(7.4) Dodging
 - Level 2.4(7.4) Stealth
 - Level 12.0(17.0) Unarmed Combat


You had 8 spell levels left.
You didn't know any spells.

Dungeon Overview and Level Annotations

Branches:
Dungeon (11/15)            Temple (0/1) D:5
   Lair: D:8-11         Orc: D:9-12

Altars:
Okawaru
Vehumet
Xom
The Shining One

Annotations:
D:10 Fannar


Innate Abilities, Weirdness & Mutations

You have razor-sharp teeth.
You heal very quickly.
When hurt, damage is shared between your health and your magic reserves.
Your bite disrupts and absorbs the magic of your enemies.
Potions and wands cannot restore your health.
You are immune to rotting.


Message History

Fannar is lightly wounded.
Fannar casts a spell.
You punch Fannar!
Fannar is moderately wounded.
Fannar barely misses you.
You barely miss Fannar.
Fannar is moderately wounded.
You closely miss Fannar. Fannar blocks your attack.
You bite Fannar, but do no damage.
Fannar is moderately wounded.
Fannar gestures wildly while chanting.
Fannar drains the heat from the surrounding environment!
You feel very cold.
Fannar is frozen.
Fannar resists.
The ice beast hits you. The ice beast freezes you!
You hit Fannar. You bite Fannar, but do no damage.
Fannar is moderately wounded.
Fannar misses you.
You closely miss Fannar. You bite Fannar, but do no damage.
Fannar is moderately wounded.
The ice beast barely misses you.
You punch Fannar! You bite Fannar, but do no damage.
Fannar is heavily wounded.
Fannar gestures at you while chanting. The bolt of cold misses you.
The ice beast closely misses you.
You barely miss Fannar. Your punch misses Fannar.
Fannar is heavily wounded.
Fannar completely misses you.
You closely miss Fannar. Your bite misses Fannar.
Fannar is heavily wounded.
The ice beast completely misses you.
You hit Fannar but do no damage. Your bite misses Fannar.
Fannar is heavily wounded.
Fannar mumbles some strange words.
Fannar drains the heat from the surrounding environment!
You feel very cold.
* * * LOW HITPOINT WARNING * * *
Fannar is frozen.
Fannar resists.
The ice beast hits you.
* * * LOW HITPOINT WARNING * * *
The ice beast freezes you!
You die...

####### ....... .......
############# ......(
#.<.........## ...<...
#.............
......Y####...........##
......e@...#..........#
.......######.........#
......$ #####.#####
....... #.# #+##### #.#
#.# #.# #.# #.#


You could see Fannar and an ice beast.

Vanquished Creatures
  A skeletal warrior (D:10)
  Pikel (D:6)
  Sigmund (D:5)
  A wyvern (D:8)
  A hippogriff (D:8)
  A water moccasin (D:9)
  Purgy (Sewer)
  A slave (D:6)
  An ogre (D:6)
  A necrophage (D:10)
  A phantom (D:6)
  2 centaurs (D:9)
  A wyvern zombie (D:8)
  2 scorpions
  6 killer bees (D:10)
  3 crimson imps
  A centaur zombie (D:10)
  A centaur skeleton (D:5)
  An iguana (D:5)
  A jelly (D:6)
  A worker ant (D:10)
  A hound skeleton (D:7)
  3 adders
  An adder skeleton (D:4)
  6 orcs
  4 giant cockroaches (D:6)
  2 hobgoblins (D:3)
  4 jackals (D:3)
  A ball python (D:6)
  8 giant newts
  A goblin (D:3)
  A quokka (D:7)
62 creatures vanquished.

Notes
Turn   | Place    | Note
--------------------------------------------------------------
     0 | D:1      | Implojin the Vine Stalker Monk began the quest for the Orb.
     0 | D:1      | Reached XP level 1. HP: 11/11 MP: 2/2
    41 | D:1      | You fall through a shaft!
    69 | D:3      | Found an iron altar of Okawaru.
    73 | D:3      | Noticed a crimson imp
    90 | D:3      | Became a worshipper of Warmaster Okawaru
    90 | D:3      | Reached * piety under Okawaru
    90 | D:3      | Reached ** piety under Okawaru
   107 | D:3      | Killed a crimson imp
   107 | D:3      | Reached skill level 5 in Unarmed Combat
   107 | D:3      | Reached XP level 2. HP: 4/16 MP: 1/3
   107 | D:3      | Reached XP level 3. HP: 4/19 MP: 1/4
   140 | D:3      | Found a radiant altar of Vehumet.
   169 | D:4      | Found a glowing golden altar of the Shining One.
   199 | D:5      | Entered Level 5 of the Dungeon
   264 | D:5      | Reached XP level 4. HP: 23/23 MP: 5/5
   273 | D:5      | Noticed Sigmund
   283 | D:5      | Killed Sigmund
   283 | D:5      | Reached skill level 6 in Unarmed Combat
   283 | D:5      | Reached XP level 5. HP: 15/27 MP: 6/6
   287 | D:5      | Reached skill level 7 in Unarmed Combat
   287 | D:5      | Gained mutation: You heal very quickly. [Vine Stalker growth]
   287 | D:5      | Reached XP level 6. HP: 10/32 MP: 7/7
   298 | D:5      | Noticed a scorpion
   304 | D:5      | Killed a scorpion
   328 | D:5      | Found a staircase to the Ecumenical Temple.
   442 | D:6      | Reached skill level 8 in Unarmed Combat
   453 | D:6      | Reached *** piety under Okawaru
   453 | D:6      | Reached XP level 7. HP: 25/35 MP: 6/8
   494 | D:6      | Found a shimmering altar of Xom.
   510 | D:6      | Noticed Pikel
   552 | D:6      | Killed Pikel
   552 | D:6      | Reached skill level 10 in Unarmed Combat
   552 | D:6      | Gained mutation: You have razor-sharp teeth. [Vine Stalker growth]
   552 | D:6      | Reached XP level 8. HP: 17/39 MP: 9/9
   591 | D:6      | Found a glowing drain.
   614 | Sewer    | Entered a sewer
   685 | Sewer    | Noticed Purgy
   695 | Sewer    | Killed Purgy
   869 | D:8      | Reached skill level 11 in Unarmed Combat
   913 | D:9      | Reached XP level 9. HP: 20/43 MP: 5/10
   941 | D:9      | Reached **** piety under Okawaru
   969 | D:10     | Entered Level 10 of the Dungeon
   992 | D:10     | Reached skill level 12 in Unarmed Combat
   998 | D:10     | Reached skill level 3 in Fighting
  1092 | D:11     | Noticed a skeletal warrior
  1097 | D:10     | Reached skill level 4 in Fighting
  1124 | D:11     | Noticed a skeletal warrior
  1124 | D:11     | Noticed a skeletal warrior
  1192 | D:10     | Killed a skeletal warrior
  1192 | D:10     | Reached skill level 6 in Fighting
  1249 | D:10     | Noticed Fannar
  1261 | D:10     | Slain by an ice beast

Action                   |  1- 3 |  4- 6 |  7- 9 || total
-------------------------+-------+-------+-------++-------
Melee: Unarmed           |    32 |    40 |   157 ||   229
Invok: Heroism           |     2 |     2 |     9 ||    13
Evoke: Wand              |       |       |     1 ||     1
  Use: Potion            |       |       |     4 ||     4
       Scroll            |       |       |     1 ||     1
 Stab: Sleeping          |     1 |     1 |     1 ||     3
  Eat: Chunk             |       |       |     1 ||     1

Table legend:
 A = Turns spent in this place as a percentage of turns spent in the entire game.
 B = Non-inter-level travel turns spent in this place as a percentage of non-inter-level travel turns spent in the entire game.
 C = Inter-level travel turns spent in this place as a percentage of turns spent in this place.
 D = Turns resting spent in this place as a percentage of non-inter-level travel turns spent in this place.
 E = Turns spent auto-exploring this place as a percentage of non-inter-level travel turns spent in this place.
 F = Non-inter-level travel turns spent in this place divided by the number of levels of this place that you've seen.
                   A       B       C       D       E      F
               +-------+-------+-------+-------+-------+----------------------
         Total | 100.0 | 100.0 |   0.0 |   0.3 |   0.0 | 102.0
       Dungeon |  89.1 |  89.1 |   0.0 |   0.0 |   0.0 |  99.2
         Sewer |  10.9 |  10.9 |   0.0 |   3.0 |   0.0 | 133.0
               +-------+-------+-------+-------+-------+----------------------

Table legend:
 A = Kills in this place as a percentage of kills in entire the game.
 B = Kills by you in this place as a percentage of kills by you in the entire game.
 C = Kills by friends in this place as a percentage of kills by friends in the entire game.
 D = Other kills in this place as a percentage of other kills in the entire game.
 E = Experience gained in this place as a percentage of experience gained in the entire game.
 F = Experience gained in this place divided by the number of levels of this place that you have seen.
                   A       B       C       D       E      F
               +-------+-------+-------+-------+-------+----------------------
         Total | 100.0 | 100.0 |  -nan |  -nan | 100.0 | 328.3
       Dungeon |  90.2 |  90.2 |  -nan |  -nan |  96.5 | 345.5
         Sewer |   9.8 |   9.8 |  -nan |  -nan |   3.5 | 139.0
               +-------+-------+-------+-------+-------+----------------------
